 Dungeon Crawl Stone Soup version 0.30.0-29-ga12c61a403 (webtiles) character file.

Game seed: 7100457362850044534

66 qw the Chopper (level 4, 0/28 HPs)
             Began as a Gargoyle Fighter on June 6, 2023.
             Killed from afar by Natasha (7 damage)
             ... with a magic dart
             ... on level 2 of the Dungeon.
             The game lasted 00:00:48 (1811 turns).

qw the Chopper (Gargoyle Fighter)                   Turns: 1811, Time: 00:00:48

Health: 0/28       AC: 11    Str: 22    XL:     4   Next: 15%
Magic:  4/4        EV:  9    Int:  8    God:
Gold:   75         SH:  4    Dex:  9    Spells: 3/3 levels left

rFire   . . .        Y - +0 war axe
rCold   . . .        c - +0 buckler
rNeg    + . .        b - +0 scale mail
rPois   inf          (no helmet)
rElec   +            (no cloak)
rCorr   .            (no gloves)
SInv    .            i - +0 pair of boots
Will    .....        (no amulet) Stlth
                     (no ring)
HPRegen 0.24/turn    (no ring)
MPRegen 0.09/turn

%: no passive effects
@: no status effects
A: sickness immunity, AC +3, negative energy resistance 1, electricity
resistance, torment resistance 1, petrification resistance
a: no special abilities


You were on level 2 of the Dungeon.
You visited 1 branch of the dungeon, and saw 2 of its levels.

You collected 75 gold pieces.


Innate Abilities, Weirdness & Mutations

You are immune to sickness and miasma.
Your stone body is resilient. (AC +3)
You are immune to poison.
You resist negative energy. (rN+)
You are resistant to electric shocks. (rElec)
You are resistant to unholy torment.
You are immune to petrification.


   Skills:
 - Level 3.2 Fighting
 + Level 3.9 Axes
 - Level 3.2 Armour
 - Level 3.2 Shields


You had 3 spell levels left.
You didn't know any spells.
Your spell library was empty.

Inventory:

Hand Weapons
 e - a +0 mace
 Y - a +0 war axe (weapon)
Armour
 b - a +0 scale mail (worn)
 c - a +0 buckler (worn)
 i - a +0 pair of boots (worn)
 k - a +0 pair of gloves
Jewellery
 n - an amulet of magic regeneration
Scrolls
 a - a scroll of identify
 j - a scroll of torment {unknown}
 l - a scroll of poison {unknown}
 m - a scroll of fog {unknown}
 o - a scroll of noise {unknown}
 p - a scroll of enchant weapon {unknown}
Potions
 d - 3 potions of might
 f - a potion of ambrosia {unknown}
 g - a potion of magic {unknown}
 h - a potion of curing {unknown}

Dungeon Overview and Level Annotations

Branches:
Dungeon (2/15)

Altars:

Annotations:
D:2 Natasha


Message History

Enter note:
Enter note:
Enter note:
Enter note:
Enter note:
Enter note:
Enter note:
Enter note: You start waiting.
Natasha is nearby!
Natasha claws you.
You hit Natasha but do no damage. Natasha claws you.
You hit Natasha.
Natasha is lightly wounded.
Natasha casts a spell.
Natasha barely misses you.
You barely miss Natasha.
Natasha is lightly wounded.
You miss the cerulean imp. Natasha barely misses you.
The cerulean imp closely misses you.
You hit Natasha.
Natasha is moderately wounded.
You slash the cerulean imp! Natasha claws you.
The cerulean imp hits you but does no damage.
You barely miss the cerulean imp.
The cerulean imp is heavily wounded.
You closely miss Natasha. Natasha claws you.
The cerulean imp hits you with a +2 spear.
Natasha casts a spell at you. The magic dart hits you.
You miss the cerulean imp.
The cerulean imp is heavily wounded.
You slash Natasha!
The cerulean imp hits you with a +2 spear.
Natasha casts a spell at you. The magic dart hits you!
You die...

##### ....#
######### .##.#
#........ .. .##.#
#.########....
.##.# #......h...#
.##.# #.....@###
....# ##.###5#
##### #.# #.# #
#.###.###. #
#......... ##
##.##<###
.###########...#.##
..................+
.###########...#.##


You could see Natasha and a cerulean imp (summoned).

Vanquished Creatures
  2 adders (D:2)
  2 worms (D:2)
  A dart slug (D:2)
  A ball python (D:1)
  A giant cockroach (D:1)
  5 goblins
  6 hobgoblins (D:1)
  4 jackals
  3 quokkas
  4 bats
  A frilled lizard (D:2)
  4 kobolds
  4 rats (D:1)
38 creatures vanquished.

Notes
Turn   | Place    | Note
-------+----------+-------------------------------------------
     0 | D:1      | qw the Gargoyle Fighter began the quest for the Orb.
     0 | D:1      | Reached XP level 1. HP: 14/14 MP: 1/1
     0 | D:1      | 0 ||| qw: Version: 0.2-a-108-gee2c290
     0 | D:1      | 0 ||| qw: Game counter: 1520
     0 | D:1      | 0 ||| qw: Always use a shield: true
     0 | D:1      | 0 ||| qw: God list: Okawaru
     0 | D:1      | 0 ||| qw: Allow faded altars: false
     0 | D:1      | 0 ||| qw: Do Orc after D:15 true
     0 | D:1      | 0 ||| qw: Do second Lair branch before Depths: true
     0 | D:1      | 0 ||| qw: Lair rune preference: random
     0 | D:1      | 0 ||| qw: Plans: Normal, Zot:1-4, Slime:5, God:TSO, Crypt,
                  | Tomb, Abyss, Pan, Hells, Win
     0 | D:1      | 0 ||| PLANNING D:1-11
   167 | D:1      | Reached XP level 2. HP: 16/19 MP: 2/2
   551 | D:1      | Reached skill level 3 in Axes
   577 | D:1      | 577 ||| Stepping ~*~*~tactically~*~*~ (stealth).
   593 | D:1      | Reached XP level 3. HP: 23/23 MP: 3/3
  1083 | D:1      | 1083 ||| UPGRADING to +0 pair of boots.
  1088 | D:1      | 1088 ||| READING 2 scrolls labelled ZUUSMO TAVVOSM.
  1089 | D:1      | 1089 ||| READING scroll labelled HEOVIS UKOTETTEG.
  1312 | D:2      | 1312 ||| Stepping ~*~*~tactically~*~*~ (stealth).
  1555 | D:2      | Reached XP level 4. HP: 26/28 MP: 4/4
  1801 | D:2      | Noticed Natasha
  1802 | D:2      | 1802 ||| Stepping ~*~*~tactically~*~*~ (hiding).
  1810 | D:2      | HP: 7/28 [Natasha/magic dart (2)]
  1811 | D:2      | Killed from afar by Natasha

Levels and vault maps discovered:
D:1:      dpeg_arrival_brainrot, layout_loops_corners
D:2:      layout_loops_corners, hex_tiny, minmay_misc_feat_roman, uniq_natasha

Skill      XL: |  1  2 |
---------------+-------+-----
Axes           | 2 3 |  3.9
Fighting       | |  3.2
Armour         | |  3.2
Shields        | |  3.2

Action                     |  1- 3 |  4- 6 || total
---------------------------+-------+-------++-------
  Melee: War axe           |   116 |    15 ||   131
    Use: Scroll            |     2 |       ||     2
 Armour: Scale mail        |    56 |     2 ||    58
  Dodge: Dodged            |    46 |     5 ||    51
  Block: Buckler           |    22 |     1 ||    23

Table legend:
 A = Non-vault XP
 B = Vault XP
 C = Vault XP percentage of total XP
 D = Non-vault monster count
 E = Vault monster count
 F = Vault count percentage of total count
                 A         B        C        D         E       F
            +---------+---------+-------+---------+---------+-------
      Total |      93 |       2 |   2.1 |      37 |       1 |   2.6
            +---------+---------+-------+---------+---------+-------
        D:1 |      37 |       2 |   5.1 |      23 |       1 |   4.2
        D:2 |      56 |       0 |   0.0 |      14 |       0 |   0.0
            +---------+---------+-------+---------+---------+-------
